 Dungeon Crawl Stone Soup version 0.28.0-53-g5a82cb258f (webtiles) character file.

Game seed: 690630629365832703

49 Revguard the Chopper (level 3, -1/33 HPs)
             Began as a Minotaur Cinder Acolyte on Aug 25, 2022.
             Was a High Priest of Ignis.
             Slain by a gnoll
             ... wielding a +0 spear
              (3 damage)
             ... on level 2 of the Dungeon.
             The game lasted 00:02:56 (962 turns).

Revguard the Chopper (Minotaur Cinder Acolyte)       Turns: 962, Time: 00:02:57

Health: -1/33      AC: 17    Str: 18    XL:     3   Next: 53%
Magic:  0/3        EV:  5    Int: 11    God:    Ignis [*****.]
Gold:   25         SH:  0    Dex:  7    Spells: 4/4 levels left

rFire   + . .      SeeInvis .   a - -1 hand axe (flame)
rCold   . . .      Faith    .   (no shield)
rNeg    . . .      Spirit   +   d - +0 plate armour
rPois   .          Reflect  .   (helmet restricted)
rElec   .          Harm     .   (no cloak)
rCorr   .          Rampage  .   (no gloves)
Will    .....                   (no boots)
Stlth   ..........              c - amulet of guardian spirit
HPRegen 0.11/turn               (no ring)
MPRegen 0.08/turn               (no ring)

@: fiery-armoured
A: horns 2, retaliatory headbutt
a: Renounce Religion, Fiery Armour, Foxfire Swarm, Rising Flame


You were on level 2 of the Dungeon.
You worshipped Ignis.
Ignis was extremely pleased with you.
You visited 1 branch of the dungeon, and saw 2 of its levels.

You collected 25 gold pieces.

Inventory:

Hand Weapons
 a - a -1 hand axe of flaming (weapon)
Armour
 b - a +0 robe
 d - a +0 plate armour (worn)
Jewellery
 c - an amulet of guardian spirit (around neck)
Scrolls
 e - a scroll of brand weapon {unknown}


   Skills:
 + Level 4.1 Fighting
 + Level 4.1 Axes
 + Level 1.4 Armour
 + Level 1.4 Dodging
 - Level 1.0 Spellcasting
 - Level 2.1 Fire Magic
 + Level 1.1 Evocations


You had 4 spell levels left.
You didn't know any spells.
Your spell library contained the following spells:

 Spells                   Type           Power      Damage    Failure   Level
 Scorch                   Fire           10%        2d5       100%        2


Dungeon Overview and Level Annotations

Branches:
Dungeon (2/15)

Altars:


Innate Abilities, Weirdness & Mutations

You have a pair of horns on your head.
You reflexively headbutt those who attack you in melee.


Message History

Your experience leads to an increase in your attributes!
Increase (S)trength, (I)ntelligence, or (D)exterity?
You feel agile. x2
A ball python comes into view.
The ball python hisses angrily.
The ball python barely misses you. The ball python grabs you.
The ball python constricts you. The gnoll hits you but does no damage.
The ball python bites you but does no damage.
The ball python constricts you.
You hit the ball python. You burn the ball python.
You kill the ball python!
The gnoll hits you but does no damage.
Your Evocations skill increases to level 1!
You see here a ball python corpse.
The gnoll hits you but does no damage.
You closely miss the gnoll. The gnoll barely misses you.
The gnoll hits you with a +0 spear.
* * * LOW HITPOINT WARNING * * *
You barely miss the gnoll.
The gnoll hits you but does no damage. x2
You closely miss the gnoll. Your headbutt misses the gnoll.
The gnoll hits you but does no damage. x2
You hit the gnoll but do no damage. Your headbutt misses the gnoll.
The gnoll hits you but does no damage. The gnoll barely misses you.
You furiously retaliate!
You headbutt the gnoll. The gnoll hits you but does no damage.
A protective cloak of flame settles atop you.
The gnoll completely misses you. The gnoll hits you but does no damage.
You barely miss the gnoll. You headbutt the gnoll!
You kill the gnoll!
The gnoll hits you but does no damage. The gnoll hits you with a +0 spear.
* * * LOW HITPOINT WARNING * * *
The gnoll is burned by your cloak of flames.
The gnoll is moderately wounded.
Things that are here:
a +0 spear; a gnoll corpse You hit the gnoll.
You burn the gnoll.
The gnoll is almost dead.
The gnoll hits you with a +0 spear.
You die...

#####
##########
#...##
#...gg...#
####@#
#g######.#
#g# #†#
#.#
###g####.#
#g#
#......g.#
#.#
+.########
#g# ##
#)####
#.##..
#.##.#
##.##.#


You could see 2 gnolls.

Vanquished Creatures
  2 gnolls (D:2)
  2 dart slugs (D:1)
  2 ball pythons
  2 endoplasms (D:1)
  A goblin (D:1)
  3 hobgoblins (D:1)
  2 kobolds (D:1)
  4 quokkas (D:1)
  A frilled lizard (D:1)
  5 rats
24 creatures vanquished.

Notes
Turn   | Place    | Note
-------+----------+-------------------------------------------
     0 | D:1      | Revguard the Minotaur Cinder Acolyte began the quest for
                  | the Orb.
     0 | D:1      | Reached XP level 1. HP: 19/19 MP: 1/1
   220 | D:1      | Reached XP level 2. HP: 27/27 MP: 2/2
   494 | D:1      | Reached skill level 1 in Armour
   731 | D:1      | Reached skill level 1 in Dodging
   930 | D:2      | Reached XP level 3. HP: 4/33 MP: 0/3
   943 | D:2      | Reached skill level 1 in Evocations
   961 | D:2      | HP: 1/33 [gnoll/+0 spear (5)]
   962 | D:2      | Slain by a gnoll

Illustrated notes

Levels and vault maps discovered:
D:1:      lemuel_arrival_funnel, layout_basic, serial_aquarium,
          aquarium_bridge_island_small [aquarium_subvault_small_open,
          aquarium_subvault_bridge, aquarium_subvault_bridge,
          aquarium_subvault_balcony, aquarium_subvault_bridge],
          aquarium_window_double, aquarium_window_1, aquarium_window_fake,
          aquarium_view_2a, aquarium_pool_five, minmay_pentomino_t4
D:2:      layout_loops_ring, nicolae_ecumenical_lake_church, basic_altar,
          chequers_serial_rivers_micro_c, kennysheep_generic_room_11

Skill      XL: |  1  2  3 |
---------------+----------+-----
Armour         | 1 |  1.4
Dodging        | 1 |  1.4
Axes           | 4 |  4.1
Fighting       | 4 |  4.1
Evocations     | 1 |  1.1
Spellcasting   | |  1.0
Fire Magic     | |  2.1

Action                   || total
-------------------------++-------
Melee: Hand axe          ||    67
       Headbutt          ||     9
Invok: Fiery Armour      ||     1
Armor: Plate armour      ||    57
       Robe              ||     1
Dodge: Dodged            ||    23
